 Dungeon Crawl Stone Soup version 0.28.0-43-g3370ac3207 (webtiles) character file.

Game seed: 4483228234992458860

34 juncz the Chiller (level 3, -3/26 HPs)
             Began as a Draconian Ice Elementalist on Mar 13, 2022.
             Succumbed to Sigmund's poison
             ... on level 2 of the Dungeon.
             The game lasted 00:10:40 (2054 turns).

juncz the Chiller (Draconian Ice Elementalist)      Turns: 2054, Time: 00:10:40

Health: -3/26      AC:  5    Str: 12    XL:     3   Next: 14%
Magic:  7/7        EV: 12    Int: 19    God:
Gold:   72         SH:  0    Dex: 11    Spells: 0/7 levels left

rFire   . . .      SeeInvis .   a - +0 dagger
rCold   . . .      Faith    .   (no shield)
rNeg    . . .      Spirit   .   (armour unavailable)
rPois   .          Reflect  .   (helmet restricted)
rElec   .          Harm     .   (no cloak)
rCorr   .          Rampage  .   (no gloves)
Will    .....      Rage     1%  (no boots)
Stlth   ++........              (no amulet)
HPRegen 0.08/turn               (no ring)
MPRegen 0.10/turn               (no ring)

@: lethally poisoned (-3 -> -23)
A: AC +5, unfitting armour, cold-blooded, berserk 1, clever 1, strong 1
a: no special abilities


You were on level 2 of the Dungeon.
You visited 1 branch of the dungeon, and saw 2 of its levels.

You collected 72 gold pieces.

Inventory:

Hand Weapons
 a - a +0 dagger (weapon)
 f - a +0 short sword
Missiles
 g - 23 stones (quivered)
Scrolls
 b - 5 scrolls of identify {unknown}
 c - a scroll of amnesia {unknown}
 d - a scroll of magic mapping {unknown}
 h - 2 scrolls of teleportation {unknown}
 i - a scroll of fear {unknown}
 k - a scroll of enchant armour {unknown}
 m - a scroll of fog {unknown}


   Skills:
 - Level 1.9 Dodging
 - Level 1.8 Stealth
 + Level 2.7 Spellcasting
 + Level 4.5 Ice Magic


You couldn't memorise any spells.
You knew the following spells:

 Your Spells              Type           Power      Damage    Failure   Level
a - Freeze                Ice            76%        1d9       2%          1
b - Frozen Ramparts       Ice            38%        1d5       8%          3
c - Ozocubu's Armour      Ice            19%        N/A       8%          3

Your spell library contained the following spells:

 Spells                   Type           Power      Damage    Failure   Level
 Hailstorm                Conj/Ice       11%        3d5       52%         4


Dungeon Overview and Level Annotations

Branches:
Dungeon (2/15)

Altars:

Annotations:
D:2 Sigmund


Innate Abilities, Weirdness & Mutations

Your plain brown scales are hard. (AC +5)
You cannot fit into any form of body armour.
You are cold-blooded and may be slowed by cold attacks.
You tend to lose your temper in combat.
Your mind is acute. (Int +2)
Your muscles are strong. (Str +2)


Message History

You feel sick.
The wall freezes Sigmund.
Sigmund casts a spell.
Sigmund flickers and vanishes!
Deactivating autopickup; reactivate with Ctrl-A.
You feel sick.
The wall freezes something.
You hear some strange, mumbled words.
You are confused.
You feel sick.
The wall freezes something.
Something completely misses you.
You feel sick.
The wall freezes something.
You feel sick.
The wall freezes something.
Something hits you but does no damage.
You are more poisoned.
You feel sick.
The frozen ramparts melt away.
You feel sick.
You hear some strange, mumbled words.
Something tries to affect you, but you resist.
It was a potion of mutation.
You feel extremely strange.
You feel clever.
You feel a little pissed off.
You feel stronger.
You feel sick. Something hits you!
* * * LOW HITPOINT WARNING * * *
You are more poisoned.
It was a potion of ambrosia.
You are more confused.
You feel invigorated.
* * * LOW HITPOINT WARNING * * *
You feel very sick. Something hits you.
* * * LOW HITPOINT WARNING * * *
You are more poisoned.
It was a potion of cancellation.
Your magical effects are unravelling.
You feel magically purged.
Your icy armour evaporates.
You feel less invigorated.
You feel less confused.
* * * LOW HITPOINT WARNING * * *
You feel very sick.
Unknown command.
There is a lethal amount of poison in your body!
You die...

.#.####..........##
.#..........#######
...#######.### #### ..#
##....###...
#########..##.....##
######........##########
.......###..### #..
#........##########.#
#..@...............#
#...#..#........#####
#.{###..........# ...#
#.#........# #...
#.#........# ...#
##..........# ..#
##..########## .#
###...# #....##


There were no monsters in sight!

Vanquished Creatures
  A worm (D:2)
  A dart slug (D:1)
  2 bats
  5 giant cockroaches
  2 goblins (D:1)
  2 hobgoblins (D:1)
  4 jackals (D:1)
  2 kobolds (D:1)
  2 quokkas
  A frilled lizard (D:1)
  2 rats
24 creatures vanquished.

Notes
Turn   | Place    | Note
-------+----------+-------------------------------------------
     0 | D:1      | juncz the Draconian Ice Elementalist began the quest for
                  | the Orb.
     0 | D:1      | Reached XP level 1. HP: 14/14 MP: 3/3
   499 | D:1      | Reached XP level 2. HP: 17/20 MP: 1/5
  1511 | D:2      | Reached XP level 3. HP: 16/26 MP: 1/7
  1714 | D:2      | Learned a level 3 spell: Frozen Ramparts
  1718 | D:2      | Learned a level 3 spell: Ozocubu's Armour
  1768 | D:2      | Noticed Sigmund
  2051 | D:2      | Gained mutation: Your mind is acute. (Int +2) [potion of
                  | mutation]
  2051 | D:2      | Gained mutation: You tend to lose your temper in combat.
                  | [potion of mutation]
  2051 | D:2      | Gained mutation: Your muscles are strong. (Str +2) [potion
                  | of mutation]
  2053 | D:2      | HP: 1/26 [poisoned by Sigmund]
  2054 | D:2      | Succumbed to Sigmund's poison

Illustrated notes

Levels and vault maps discovered:
D:1:      minmay_arrival_up_and_down, layout_basic, minmay_misc_feat_tiny,
          fountainhead
D:2:      layout_rooms, minmay_tetromino_i4, uniq_sigmund

Action                   || total
-------------------------++-------
Melee: Dagger            ||     2
       Tailslap          ||     1
Throw: Stone             ||     5
 Cast: Freeze            ||    43
       Ozocubu's Armour  ||     2
       Frozen Ramparts   ||     2
  Use: Potion            ||     3
Armor: Skin              ||     8
Dodge: Dodged            ||    18
